 Dungeon Crawl Stone Soup version 0.22-a0-410-g97be04f (webtiles) character file.

304 Goblin1989 the Cutter (level 6, -1/42 HPs)
             Began as a Demonspawn Chaos Knight on May 11, 2018.
             Was a Follower of Ru.
             Slain by a worldbinder (16 damage)
             ... summoned by the severe capriciousness of Xom
             ... on level 4 of the Dungeon.
             The game lasted 00:07:02 (4075 turns).

Goblin1989 the Cutter (Demonspawn Chaos Knight)     Turns: 4075, Time: 00:07:03

Health: -1/42      AC:  5    Str: 17    XL:     6   Next: 15%
Magic:  0/6        EV: 11    Int: 11    God:    Ru [*.....]
Gold:   131        SH:  0    Dex: 15    Spells: 5/5 levels left

rFire    . . .     SeeInvis .   k - +2 short sword (speed)
rCold    . . .     Gourm    .   (no shield)
rNeg     . . .     Faith    .   b - +2 leather armour
rPois    .         Spirit   +   (helmet restricted)
rElec    .         Reflect  .   (no cloak)
rCorr    .         Harm     .   (no gloves)
MR       .....                  (no boots)
Stlth    ++........             V - amulet of guardian spirit
HPRegen  0.14/turn              W - +5 ring of strength
MPRegen  0.10/turn              (no ring)

@: sleeping, slowed
A: claws 1, horns 1, demonic guardian 1, dopey 1, frail 1, nightstalker 1, no
conjurations magic, no fire magic, no transmutations magic
a: Renounce Religion


You were on level 4 of the Dungeon.
You worshipped Ru.
Ru was aware of your devotion.
You were hungry.

You visited 1 branch of the dungeon, and saw 4 of its levels.

You collected 131 gold pieces.

Inventory:

Hand Weapons
 a - a +0 hand axe of chaos
 f - a +0 hunting sling
 k - a +2 short sword of speed (weapon)
 O - the +7 short sword of the Desolation of Salt {venom, +Blink rF+ Str+3 Int+2, unknown}
   (You found it on level 4 of the Dungeon)

   It poisons the flesh of those it strikes.
   It affects your strength (+3).
   It affects your intelligence (+2).
   It protects you from fire.
   It lets you blink.
Missiles
 i - 120 stones (quivered) {@Q3}
 j - 15 bolts
Armour
 b - a +2 leather armour (worn)
Jewellery
 p - an uncursed ring of fire
 V - an amulet of guardian spirit (around neck)
 W - a +5 ring of strength (left claw)
Wands
 P - a wand of paralysis (11)
Scrolls
 g - 6 scrolls of remove curse {@r3}
 o - 2 scrolls of amnesia
 s - a scroll of fog {unknown}
 Q - a scroll of fear {unknown}
 S - 2 scrolls of identify {unknown}
 Y - a scroll of teleportation {unknown}
Potions
 m - a potion of agility {unknown}
 n - a potion of cancellation {unknown}
 r - 3 potions of curing {unknown}
 R - 4 potions of haste {unknown}
 U - 2 potions of mutation {unknown}
 X - a potion of might {unknown}
 Z - 2 potions of berserk rage {unknown}
Comestibles
 e - 7 rations


   Skills:
 + Level 3.0 Fighting
 - Level 5.3 Short Blades
 - Level 3.1 Axes
 + Level 1.8 Armour
 - Level 0.8 Dodging
 + Level 0.1 Unarmed Combat


You had 5 spell levels left.
You didn't know any spells.

Dungeon Overview and Level Annotations

Branches:
Dungeon (4/15)             Temple (0/1) D:4

Altars:
Elyvilon
Fedhas
Hepliaklqana
Ru

Annotations:
D:3 1 runed door


Innate Abilities, Weirdness & Mutations

You have sharp fingernails.
You have a pair of small horns on your head.
A weak demonic guardian rushes to your aid.
You are slightly more attuned to the shadows.
You cannot study or cast Conjurations magic.
You cannot study or cast Fire magic.
You cannot study or cast Transmutations magic.
You are dopey. (Int -2)
You are frail. (-10% HP)


Message History

No target in view!
No target in view!
No target in view!
Found a stone staircase leading down.
Health restored: 42; MP restored: 6
Found a stone staircase leading up.
All of the chunks of flesh in your inventory have rotted away.
You are feeling hungry.
You open the door.
Found a staircase to the Ecumenical Temple.
Unknown command.
Unknown command.
There is an open door here. "Try this."
Desperate hands claw out from thin air!
The divine experience drains your vigour!
You feel yourself slow down.
There are monsters nearby!
There are monsters nearby!
There are monsters nearby!
You hit the worldbinder but do no damage.
You headbutt the worldbinder, but do no damage.
The worldbinder calls forth creatures from the Lair of Beasts!
You hit the worldbinder.
The worldbinder is lightly damaged.
The worldbinder hits you but does no damage. x2
The worldbinder calls forth creatures from the Orcish Mines!
The spiny frog closely misses you.
You hit the worldbinder.
You headbutt the worldbinder, but do no damage.
The worldbinder is lightly damaged.
Your shadow imp hits the worldbinder but does no damage.
The dream sheep ruffles its wool and motes of dream dust sparkle, to no effect.
The worldbinder closely misses you. The worldbinder hits you.
The blink frog barely misses your shadow imp.
You now have 5/6 mp.
You swap places.
The spiny frog barely misses your shadow imp.
The worldbinder hits you but does no damage.
The worldbinder closely misses you.
The worldbinder calls forth creatures from the Orcish Mines!
The blink frog hits you.
Your shadow imp hits the worldbinder but does no damage.
The spiny frog stings your shadow imp. The worldbinder barely misses you.
The worldbinder hits you but does no damage.
You redirect the blink frog's attack!
The blink frog barely misses you.
Your shadow imp hits the worldbinder but does no damage.
There is an open door here.
You take 1 damage, and have 41/42 hp.
The spiny frog closely misses your shadow imp.
Your shadow imp hits the worldbinder but does no damage.
The worldbinder calls forth creatures from the Lair of Beasts!
The spiny frog stings your shadow imp!!
Your shadow imp dies!
The worldbinder is stunned by your will and fails to attack.
The dream sheep ruffles its wool and motes of dream dust sparkle, to no effect.
The blink frog blinks!
The dream sheep ruffles its wool and motes of dream dust sparkle, to no effect.
You redirect the worldbinder's attack!
The worldbinder hits itself but does no damage. x2
You redirect the blink frog's attack!
The blink frog hits you!
You take 13 damage, and have 28/42 hp.
MASSIVE DAMAGE!!
You now have 3/6 mp.
As you read the scroll labeled USHRENT JIFYNU, it crumbles to dust.
You feel blessed for a moment.
It was a scroll of remove curse.
The worldbinder hits you.
The worldbinder hits you but does no damage.
The blink frog blinks!
The blink frog barely misses you.
The orc priest looks encouraged for a moment.
The worldbinder barely misses you. The worldbinder misses you.
The dream sheep misses you.
The blink frog blinks!
The worldbinder hits you.
The worldbinder hits you but does no damage.
You take 8 damage, and have 20/42 hp.
You now have 2/6 mp.
Unknown command.
As you read the scroll labeled FIK FAOGAPH, it crumbles to dust.
It is a scroll of amnesia.
You feel forgetful for a moment.
The blink frog disappears in a puff of smoke!
The worldbinder calls forth creatures from the Lair of Beasts!
The worldbinder hits you.
* * * LOW HITPOINT WARNING * * *
The worldbinder closely misses you. The dream sheep bites you.
* * * LOW HITPOINT WARNING * * *
The worldbinder closely misses you. x3; The worldbinder barely misses you.
The dream sheep ruffle their wool and motes of dream dust sparkle, to no effect.
You take 6 damage, and have 14/42 hp.
The dream sheep disappears in a puff of smoke!
The worldbinder hits you but does no damage.
The worldbinder closely misses you. The dream sheep bites your quasit.
The blink frog blinks!
The worldbinder calls forth creatures from the Orcish Mines!
The worldbinder misses you. The worldbinder barely misses you.
The warg disappears in a puff of smoke!
The spiny frog stings your quasit!!
Your quasit dies!
The blink frog blinks!
The dream sheep shakes its wool and sparkles.
You feel drowsy...
You fall asleep.
The blink frog blinks!
The worldbinder hits you!!
You die...

█.█ ██.....█ █.██
██......█ ██.█
█.......████▲███
██.████..█....██§o..o█
█.......██.....█.███.█
█.......██.h§..∆.█>█.▲
██......F5.§.o██.█▲█.█
██......§.x.Y.█Y....█
█.......@xF.o███▲███
██..§..............█
██......███.......█
███....███ ███.....███
███.......██ █....██.██
█..........█ ██.....█.█
██████..)..██ █......█
█[.[...██ █......███.
██..█....████..........


You could see 2 worldbinders, a spiny frog, a blink frog, a warg, a dream sheep,
2 orc priests and a friendly iron imp.

Vanquished Creatures
  An orc priest (D:3)
  A bullfrog skeleton (D:4)
  A centaur skeleton (D:4)
  3 adders (D:2)
  An ooze (D:1)
  3 dart slugs
  2 worms
  2 leopard geckos (D:3)
  8 orcs
  5 giant cockroaches
  4 goblins
  6 hobgoblins
  3 quokkas
  2 ball pythons
  4 bats
  7 frilled lizards
  6 kobolds
  3 rats
62 creatures vanquished.

Vanquished Creatures (collateral kills)
  An ogre (D:3)
  A hound (D:4)
  A rat (D:3)
3 creatures vanquished.

Grand Total: 65 creatures vanquished

Notes
Turn   | Place    | Note
-------+----------+-------------------------------------------
     0 | D:1      | Goblin1989 the Demonspawn Chaos Knight began the quest for the Orb.
     0 | D:1      | Reached XP level 1. HP: 18/18 MP: 1/1
     0 | D:1      | Goblin1989: !lg . -log
     0 | D:1      | beem: 2458. Goblin1989, XL22 DsCK, T:70808: https://crawl.xtahua.com/crawl/morgue/Goblin1989/morgue-Goblin1989-20180511-060950.txt
     0 | D:1      | Goblin1989: !lg goblin1989 s=-god
     0 | D:1      | beem: 2458 games for goblin1989: 2x Pakellas, 3x Beogh, 4x Jiyva, 5x Zin, 6x Yredelemnul, 8x Nemelex Xobeh, 9x Kikubaaqudgha, 9x Sif Muna, 10x The Shining One, 12x Qazlal, 12x Wu Jian, 16x Uskayaw, 17x Fedhas, 22x Elyvilon, 28x Vehumet, 31x Hepliaklqana, 33x Dithmenos, 34x Xom, 35x Ashenzari, 36x Lugonu, 47x Ru, 72x Cheibriados, 95x Makhleb, 110x Trog, 161x Okawaru, 163x Gozag, 1478x
   227 | D:1      | XOM: divination: detect creatures
   390 | D:1      | Gained mutation: You have a pair of small horns on your head. [demonic ancestry]
   390 | D:1      | Reached XP level 2. HP: 16/24 MP: 2/2
   629 | D:1      | Reached skill level 1 in Short Blades
  1003 | D:1      | XOM: summons 1 hostile demon
  1101 | D:2      | XOM: noise
  1259 | D:2      | Reached skill level 2 in Short Blades
  1259 | D:2      | Gained mutation: A weak demonic guardian rushes to your aid. [demonic ancestry]
  1259 | D:2      | Reached XP level 3. HP: 29/29 MP: 3/3
  1276 | D:2      | Found a sacrificial altar of Ru.
  1290 | D:2      | Fell from the grace of Xom
  1290 | D:2      | Became a worshipper of Ru the Awakened
  1433 | D:2      | XOM: medium Chrm miscast
  1522 | D:2      | Found a white marble altar of Elyvilon.
  1595 | D:2      | XOM: give mutations
  1595 | D:2      | Gained mutation: You are frail. (-10% HP) [Xom's mischief]
  1595 | D:2      | Gained mutation: You are dopey. (Int -2) [Xom's mischief]
  1818 | D:2      | XOM: stat loss: -3 Dex (10/13)
  1833 | D:2      | Reached skill level 3 in Short Blades
  1848 | D:2      | Gained mutation: You are slightly more attuned to the shadows. [demonic ancestry]
  1848 | D:2      | Reached XP level 4. HP: 29/31 MP: 4/4
  2407 | D:3      | Found a hazy altar of Hepliaklqana.
  2727 | D:3      | Found a runed door.
  2744 | D:3      | Noticed an ogre
  2750 | D:3      | Killed an ogre
  2750 | D:3      | Reached skill level 4 in Short Blades
  2750 | D:3      | Reached XP level 5. HP: 36/36 MP: 5/5
  2828 | D:3      | Gained mutation: You cannot study or cast Fire magic. [Ru sacrifice]
  2828 | D:3      | Gained mutation: You cannot study or cast Transmutations magic. [Ru sacrifice]
  2828 | D:3      | Gained mutation: You cannot study or cast Conjurations magic. [Ru sacrifice]
  2828 | D:3      | Reached * piety under Ru
  3212 | D:4      | Reached skill level 5 in Short Blades
  3478 | D:4      | Gained mutation: You have sharp fingernails. [demonic ancestry]
  3478 | D:4      | Reached XP level 6. HP: 40/42 MP: 4/6
  3695 | D:4      | Got a jewelled short sword
  3769 | D:4      | Found a blossoming altar of Fedhas.
  4060 | D:4      | Found a staircase to the Ecumenical Temple.
  4063 | D:4      | XOM: severe Summ miscast
  4064 | D:4      | Noticed a worldbinder
  4064 | D:4      | Noticed a worldbinder
  4066 | D:4      | Noticed a spiny frog
  4066 | D:4      | Noticed a dream sheep
  4066 | D:4      | Noticed a blink frog
  4067 | D:4      | Noticed a warg
  4069 | D:4      | Noticed a warg
  4070 | D:4      | Noticed a dream sheep
  4071 | D:4      | Noticed a blink frog
  4074 | D:4      | Noticed a dream sheep
  4074 | D:4      | Noticed a spiny frog
  4075 | D:4      | Noticed a warg
  4075 | D:4      | Slain by a worldbinder

Vault maps used:
D:1:      dpeg_arrival_rooms_b
D:2:      minmay_wonky_spiral, old_standard_altar,
          nicolae_ru_sacrificial_ziggurat
D:3:      nicolae_overflow_crystal_walls, uniq_crazy_yiuf_cottage
D:4:      lemuel_doored_altar, minmay_temple_entry_glassed_door,
          tgw_kikubaaqudgha

Skill      XL: |  1  2  3  4  5 |
---------------+----------------+-----
Axes           | 3 |  3.1
Short Blades   | 2 3 4 5 |  5.3
Fighting       | |  3.0
Armour         | |  1.8
Dodging        | |  0.8
Unarmed Combat | |  0.1

Action                   |  1- 3 |  4- 6 || total
-------------------------+-------+-------++-------
Melee: Hand axe          |    19 |       ||    19
       Short sword       |   101 |    75 ||   176
       Headbutt          |    15 |    18 ||    33
Invok: Sacrifice Arcana  |       |     1 ||     1
  Use: Scroll            |       |     2 ||     2
 Stab: Sleeping          |       |     1 ||     1
       Distracted        |       |     1 ||     1
  Eat: Chunk             |     3 |     6 ||     9
Armor: Leather armour    |    23 |    15 ||    38
Dodge: Dodged            |    56 |    42 ||    98

Table legend:
 A = Spawn XP
 B = Non-spawn XP
 C = Spawn XP percentage of total XP
 D = Spawn monster count
 E = Non-spawn monster count
 F = Spawn count percentage of total count
 G = Total turns spent on level
                    A         B        C        D         E        F      G
               +---------+---------+-------+---------+---------+-------+---------
         Total |       0 |     435 |   0.0 |       0 |      65 |   0.0 |  4075
               +---------+---------+-------+---------+---------+-------+---------
           D:1 |       0 |      30 |   0.0 |       0 |      17 |   0.0 |  1021
           D:2 |       0 |      79 |   0.0 |       0 |      24 |   0.0 |  1329
           D:3 |       0 |     186 |   0.0 |       0 |      13 |   0.0 |   740
           D:4 |       0 |     140 |   0.0 |       0 |      11 |   0.0 |   985
               +---------+---------+-------+---------+---------+-------+---------

Vault maps used:
D:1:      dpeg_arrival_rooms_b
D:2:      minmay_wonky_spiral, old_standard_altar,
          nicolae_ru_sacrificial_ziggurat
D:3:      nicolae_overflow_crystal_walls, uniq_crazy_yiuf_cottage
D:4:      lemuel_doored_altar, minmay_temple_entry_glassed_door,
          tgw_kikubaaqudgha
